[Event "40th Eastman Open Ghent"]
[Site "Ghent"]
[Date "2017.07.15"]
[Round "1.9"]
[White "Michielsen, Joost"]
[Black "De Putter, Theo"]
[Result "1-0"]
[ECO "B48"]
[WhiteElo "2409"]
[BlackElo "1856"]
[Annotator "NA"]
[PlyCount "75"]
[EventDate "2017.??.??"]
[EventType "swiss"]
[EventCountry "BEL"]
[SourceTitle "playchess.com"]
[Source "ChessBase"]
[SourceQuality "1"]
[TimeControl "7200"]

1. e4 c5 2. Nf3 Nc6 3. Nc3 e6 4. d4 cxd4 5. Nxd4 Qc7 6. Be3 a6 7. Qd2 Nf6 8. O-O-O Bb4 9. f3 Ne5 10. Nb3 b5 11. Qe1 Be7 12. f4 Ng6 13. e5 Ng4 14. Bd2 Bb7 15. Bd3 Bh4 16. g3 Be7 17. Ne4 Rc8 18. h3 N4xe5 19. fxe5 Nxe5 20. Qe2 O-O 21. Rhe1 h6 22. g4 a5 23. Nf2 Nxd3+ 24. Qxd3 e5 25. Bxa5 Qb8 26. Kb1 Rc4 27. Bc3 e4 28. Qe2 Ba8 29. Bd4 Rfc8 30. Rd2 Bg5 31. Be3 Bf6 32. Nd1 Qc7 33. Rf1 Be5 34. Bd4 f6 35. Ne3 Rc6 36. Nd5 Qd6 37. Qxe4 Bxd4 38. Ne7+ 1-0

[Event "40th Eastman Open Ghent"]
[Site "Ghent"]
[Date "2017.07.15"]
[Round "1.10"]
[White "Van de Gevel, Ed"]
[Black "Sarrau, Jelle"]
[Result "0-1"]
[ECO "B50"]
[WhiteElo "1850"]
[BlackElo "2363"]
[Annotator "NA"]
[PlyCount "78"]
[EventDate "2017.??.??"]
[EventType "swiss"]
[EventCountry "BEL"]
[SourceTitle "playchess.com"]
[Source "ChessBase"]
[SourceQuality "1"]
[TimeControl "7200"]

1. e4 c5 2. Nf3 d6 3. c3 Nf6 4. Bd3 Bg4 5. h3 Bh5 6. Bc2 e6 7. d4 cxd4 8. cxd4 Be7 9. O-O O-O 10. Nc3 Nc6 11. Be3 Bg6 12. Rc1 d5 13. e5 Nd7 14. Qd2 Rc8 15. Bxg6 hxg6 16. Bg5 Nxd4 17. Bxe7 Nxf3+ 18. gxf3 Qxe7 19. f4 a6 20. Kh2 Rc4 21. Rg1 Rfc8 22. Rg5 b5 23. Rcg1 b4 24. Nd1 Nc5 25. R5g4 Ne4 26. Qd3 Qa7 27. R1g2 Qd4 28. Qxd4 Rxd4 29. Ne3 Kf8 30. h4 Rd2 31. h5 Nxf2 32. Rh4 Rc1 33. hxg6 Rh1+ 34. Kg3 Ne4+ 35. Kg4 Rxh4+ 36. Kxh4 Rxg2 37. Nxg2 fxg6 38. Kg4 Nf2+ 39. Kf3 Nd3 0-1

[Event "40th Eastman Open Ghent"]
[Site "Ghent"]
[Date "2017.07.15"]
[Round "1.11"]
[White "Van der Stricht, Geert"]
[Black "Cuypers, Dries"]
[Result "1-0"]
[ECO "A58"]
[WhiteElo "2358"]
[BlackElo "1847"]
[Annotator "NA"]
[PlyCount "75"]
[EventDate "2017.??.??"]
[EventType "swiss"]
[EventCountry "BEL"]
[SourceTitle "playchess.com"]
[Source "ChessBase"]
[SourceQuality "1"]
[TimeControl "7200"]

1. d4 Nf6 2. c4 c5 3. d5 b5 4. cxb5 a6 5. bxa6 Bxa6 6. Nc3 d6 7. Nf3 g6 8. g3 Bg7 9. Bg2 Nbd7 10. Rb1 Ng4 11. Qc2 O-O 12. Bd2 Nde5 13. Nxe5 Nxe5 14. b3 Rb8 15. O-O Qc7 16. h3 Rb7 17. Rfc1 Rfb8 18. Kh2 Qc8 19. Be1 Bh6 20. f4 Nd7 21. Ne4 Nf8 22. Bc3 Ra7 23. Nf2 f5 24. e4 e5 25. dxe6 Qxe6 26. Re1 Bb7 27. exf5 Qxf5 28. Ng4 Bg7 29. Re4 h5 30. Ne3 Qf7 31. Rd1 Bxe4 32. Bxe4 Kh7 33. Bd5 Qd7 34. a4 Bxc3 35. Qxc3 Qg7 36. Qd3 Re7 37. f5 Qf6 38. Rf1 1-0

[Event "40th Eastman Open Ghent"]
[Site "Ghent"]
[Date "2017.07.15"]
[Round "1.12"]
[White "Verduyckt, Johan"]
[Black "Van Beers, Eddy"]
[Result "0-1"]
[ECO "A48"]
[WhiteElo "1832"]
[BlackElo "2312"]
[Annotator "NA"]
[PlyCount "46"]
[EventDate "2017.??.??"]
[EventType "swiss"]
[EventCountry "BEL"]
[SourceTitle "playchess.com"]
[Source "ChessBase"]
[SourceQuality "1"]
[TimeControl "7200"]

1. d4 Nf6 2. Bf4 g6 3. Nf3 Bg7 4. h3 O-O 5. Nbd2 c5 6. e3 b6 7. Bd3 Bb7 8. O-O d6 9. a4 Nc6 10. Bc4 Rc8 11. c3 Qc7 12. Bg3 e5 13. Rc1 Qe7 14. dxe5 dxe5 15. Qe2 e4 16. Ne1 Rcd8 17. Nc2 Ne5 18. Ba2 Nh5 19. Bf4 Nd3 20. Rb1 Nhxf4 21. exf4 Nxf4 22. Qe3 Qg5 23. g3 Rxd2 0-1

[Event "40th Eastman Open Ghent"]
[Site "Ghent"]
[Date "2017.07.15"]
[Round "1.13"]
[White "Abolianin, Arthur"]
[Black "Kuijpers, Domien"]
[Result "1-0"]
[ECO "A00"]
[WhiteElo "2329"]
[BlackElo "1836"]
[Annotator "NA"]
[PlyCount "69"]
[EventDate "2017.??.??"]
[EventType "swiss"]
[EventCountry "BEL"]
[SourceTitle "playchess.com"]
[Source "ChessBase"]
[SourceQuality "1"]
[TimeControl "7200"]

1. g3 d5 2. Bg2 c6 3. c4 e6 4. Nf3 Nf6 5. O-O Be7 6. b3 O-O 7. Bb2 Nbd7 8. d3 Re8 9. Qc2 Nf8 10. Nbd2 b6 11. e4 Bb7 12. Qc3 Rc8 13. Ne5 a5 14. a3 Bc5 15. b4 d4 16. Qb3 axb4 17. axb4 Be7 18. Ra7 Rb8 19. Rxb7 Rxb7 20. Nxc6 Qc8 21. e5 Ng4 22. h3 Nh6 23. Nxd4 Rc7 24. b5 Nd7 25. Nc6 Nc5 26. Qc2 Rd7 27. d4 Nb7 28. Ra1 f6 29. Be4 f5 30. Bg2 Nf7 31. d5 Bc5 32. dxe6 Rxe6 33. Bd5 Rxd5 34. cxd5 Rg6 35. Ne7+ 1-0

[Event "40th Eastman Open Ghent"]
[Site "Ghent"]
[Date "2017.07.15"]
[Round "2.9"]
[White "Hakvoort, Elco"]
[Black "Michielsen, Joost"]
[Result "0-1"]
[ECO "D00"]
[WhiteElo "2037"]
[BlackElo "2409"]
[Annotator "NA"]
[PlyCount "72"]
[EventDate "2017.??.??"]
[EventType "swiss"]
[EventCountry "BEL"]
[SourceTitle "playchess.com"]
[Source "ChessBase"]
[SourceQuality "1"]
[TimeControl "7200"]

1. d4 d5 2. Bf4 Nf6 3. e3 c5 4. c3 Nc6 5. Nd2 e6 6. Ngf3 Bd6 7. Bg3 Qe7 8. Ne5 Nd7 9. Bb5 Ndxe5 10. dxe5 Bc7 11. f4 O-O 12. O-O Bd7 13. Bd3 f6 14. exf6 Qxf6 15. Qg4 Qf7 16. e4 c4 17. Bc2 b5 18. e5 Bb6+ 19. Kh1 Ne7 20. Nf3 Nf5 21. Bxf5 Qxf5 22. Qxf5 Rxf5 23. Nd4 Bxd4 24. cxd4 Be8 25. Be1 g5 26. Bd2 gxf4 27. g4 Rf8 28. Rxf4 Rxf4 29. Bxf4 a5 30. a3 Rb8 31. Bd2 b4 32. axb4 axb4 33. b3 Bg6 34. Ra2 Bb1 35. Rb2 Be4+ 36. Kg1 c3 0-1

[Event "40th Eastman Open Ghent"]
[Site "Ghent"]
[Date "2017.07.15"]
[Round "2.10"]
[White "Sarrau, Jelle"]
[Black "Hagendijk, Klaas"]
[Result "1-0"]
[ECO "A05"]
[WhiteElo "2363"]
[BlackElo "2029"]
[Annotator "NA"]
[PlyCount "39"]
[EventDate "2017.??.??"]
[EventType "swiss"]
[EventCountry "BEL"]
[SourceTitle "playchess.com"]
[Source "ChessBase"]
[SourceQuality "1"]
[TimeControl "7200"]

1. Nf3 Nf6 2. c4 b6 3. g3 Bb7 4. Bg2 g6 5. O-O Bg7 6. d4 O-O 7. d5 c6 8. Nc3 cxd5 9. cxd5 d6 10. Nd4 Na6 11. Bf4 Nh5 12. Be3 Nc7 13. Qb3 Kh8 14. a4 Rb8 15. Ncb5 a6 16. Na7 Qd7 17. Nac6 Bxc6 18. Nxc6 Rb7 19. Rac1 a5 20. Nxa5 1-0

[Event "40th Eastman Open Ghent"]
[Site "Ghent"]
[Date "2017.07.15"]
[Round "2.11"]
[White "Schriemer, Oene"]
[Black "Van der Stricht, Geert"]
[Result "1/2-1/2"]
[ECO "B20"]
[WhiteElo "2005"]
[BlackElo "2358"]
[Annotator "NA"]
[PlyCount "49"]
[EventDate "2017.??.??"]
[EventType "swiss"]
[EventCountry "BEL"]
[SourceTitle "playchess.com"]
[Source "ChessBase"]
[SourceQuality "1"]
[TimeControl "7200"]

1. e4 c5 2. a3 d5 3. exd5 Qxd5 4. Nc3 Qd8 5. Bc4 e6 6. Nf3 Nc6 7. O-O Nf6 8. Re1 Be7 9. d3 O-O 10. h3 a6 11. Bf4 b5 12. Ba2 Bb7 13. Ne5 Bd6 14. Nxf7 Rxf7 15. Bxd6 Qxd6 16. Bxe6 Nd8 17. Bxf7+ Nxf7 18. Ne4 Qb6 19. Nxf6+ Qxf6 20. Qe2 Rf8 21. Qe7 Qc6 22. Qe4 Qc7 23. Qe7 Qc8 24. Re3 Qc6 25. Qe4 1/2-1/2

[Event "40th Eastman Open Ghent"]
[Site "Ghent"]
[Date "2017.07.15"]
[Round "2.12"]
[White "Van Beers, Eddy"]
[Black "Hillebrandt, Remco"]
[Result "1-0"]
[ECO "C50"]
[WhiteElo "2312"]
[BlackElo "1980"]
[Annotator "NA"]
[PlyCount "85"]
[EventDate "2017.??.??"]
[EventType "swiss"]
[EventCountry "BEL"]
[SourceTitle "playchess.com"]
[Source "ChessBase"]
[SourceQuality "1"]
[TimeControl "7200"]

1. e4 e5 2. Nf3 Nc6 3. Bc4 Bc5 4. O-O Qe7 5. c3 d6 6. a4 a6 7. d3 Nf6 8. Re1 Ba7 9. Na3 O-O 10. h3 h6 11. d4 Rd8 12. d5 Nb8 13. Nc2 Nbd7 14. b4 Nf8 15. Bf1 g5 16. Nh2 Ng6 17. g3 Kh7 18. Qf3 Rg8 19. Kh1 Bd7 20. Ne3 Bxe3 21. Bxe3 Rg7 22. Ng4 Ng8 23. Bd2 Rf8 24. Ne3 Qf6 25. Qxf6 Nxf6 26. f3 Nh5 27. Kh2 f6 28. c4 Rgf7 29. c5 Ng7 30. g4 Ne8 31. Rec1 h5 32. c6 bxc6 33. dxc6 Bc8 34. Bc4 Rg7 35. b5 axb5 36. Bxb5 Nh4 37. Kg3 f5 38. exf5 Nf6 39. Bc3 hxg4 40. hxg4 Re7 41. a5 e4 42. Bxf6 Rxf6 43. Nd5 1-0

[Event "40th Eastman Open Ghent"]
[Site "Ghent"]
[Date "2017.07.15"]
[Round "2.13"]
[White "Van der Linden, Marco"]
[Black "Abolianin, Arthur"]
[Result "1/2-1/2"]
[ECO "A40"]
[WhiteElo "1995"]
[BlackElo "2329"]
[Annotator "NA"]
[PlyCount "85"]
[EventDate "2017.??.??"]
[EventType "swiss"]
[EventCountry "BEL"]
[SourceTitle "playchess.com"]
[Source "ChessBase"]
[SourceQuality "1"]
[TimeControl "7200"]

1. d4 Nc6 2. d5 Ne5 3. f4 Ng6 4. e4 e5 5. dxe6 fxe6 6. Nc3 Bc5 7. Nh3 d6 8. Na4 Bb4+ 9. c3 Ba5 10. b4 Bb6 11. Nxb6 axb6 12. Bd3 Qh4+ 13. Nf2 Nxf4 14. Bb5+ Ke7 15. g3 Qh5 16. Qxh5 Nxh5 17. O-O Nhf6 18. e5 dxe5 19. Re1 Bd7 20. Bf1 Nd5 21. Bb2 Ngf6 22. Rxe5 Rhd8 23. a3 b5 24. c4 bxc4 25. Bxc4 Nb6 26. Bb3 Na4 27. Bc1 Ra6 28. Bf4 Rda8 29. Rc1 Ne8 30. Ne4 Nb2 31. Nc5 Rxa3 32. Bxe6 Bxe6 33. Rxe6+ Kf7 34. Rce1 Nd3 35. Re7+ Kf8 36. Nd7+ Kg8 37. Rxe8+ Rxe8 38. Rxe8+ Kf7 39. Re4 Ra1+ 40. Kg2 Ra2+ 41. Kg1 Ra1+ 42. Kg2 Ra2+ 43. Kg1 1/2-1/2

[Event "40th Eastman Open Ghent"]
[Site "Ghent"]
[Date "2017.07.16"]
[Round "3"]
[White "Michielsen, Joost"]
[Black "Boons, Patrick"]
[Result "1-0"]
[ECO "B01"]
[WhiteElo "2409"]
[BlackElo "2001"]
[Annotator "RC"]
[PlyCount "105"]
[EventDate "2017.??.??"]
[EventType "swiss"]
[EventCountry "BEL"]
[SourceTitle "playchess.com"]
[Source "ChessBase"]
[SourceQuality "1"]
[TimeControl "7200"]

1. e4 d5 2. exd5 Qxd5 3. Nc3 Qd6 4. d4 Nf6 5. Nf3 a6 6. Ne5 Nc6 7. Bf4 Qxd4 8. Nxc6 Qxd1+ 9. Rxd1 bxc6 10. Bxc7 Bb7 11. Na4 Nd5 12. Be5 e6 13. Bd4 Nb4 14. Rd2 a5 15. Bc4 Ba6 16. Nb6 Rd8 17. c3 Bxc4 18. Nxc4 c5 19. Be5 Nd3+ 20. Ke2 Nxe5 21. Nxe5 Rxd2+ 22. Kxd2 Bd6 23. Re1 Ke7 24. Nc6+ Kd7 25. Nxa5 Ra8 26. Nc4 Rxa2 27. Rd1 Ra6 28. Ke3 Ke7 29. Rxd6 Rxd6 30. Nxd6 Kxd6 31. Ke4 f5+ 32. Kd3 e5 33. Kc4 g6 34. b4 cxb4 35. cxb4 Kc6 36. f3 g5 37. b5+ Kd6 38. b6 g4 39. fxg4 fxg4 40. b7 Kc7 41. Kd5 Kxb7 42. Kxe5 Kc7 43. Kf4 Kd7 44. Kxg4 Ke7 45. Kg5 Kf7 46. Kh6 Kg8 47. g4 Kh8 48. g5 Kg8 49. h3 Kh8 50. h4 Kg8 51. h5 Kh8 52. g6 hxg6 53. hxg6 1-0

[Event "40th Eastman Open Ghent"]
[Site "Ghent"]
[Date "2017.07.16"]
[Round "3"]
[White "Lammens, Tim"]
[Black "Ongena, Niels"]
[Result "1-0"]
[ECO "A05"]
[WhiteElo "2304"]
[BlackElo "1879"]
[Annotator "NA RC"]
[PlyCount "67"]
[EventDate "2017.??.??"]
[EventType "swiss"]
[EventCountry "BEL"]
[SourceTitle "playchess.com"]
[Source "ChessBase"]
[SourceQuality "1"]
[TimeControl "7200"]

1. Nf3 Nf6 2. g3 g6 3. b3 Bg7 4. Bb2 O-O 5. Bg2 d6 6. d4 Nbd7 7. O-O c6 8. Nbd2 Qc7 9. e4 e5 10. dxe5 {[%emt 0:00:35] A49: 1 d4 Nf6 2 Nf3 g6 3 g3: Anti-King's Indian systems} dxe5 11. Re1 (11. Qe2 Re8 12. Rfd1 b6 13. Nc4 Ba6 14. Ne1 Nc5 15. f3 Nfd7 16. Bf1 Ne6 17. Qf2 Ndc5 {1-0 (44) Czebe,A (2475)-Haring,F (2328) Senica 2017}) 11... b5 12. a4 Bb7 13. Qe2 a6 14. c4 $146 ({Predecessor:} 14. h3 Rfe8 15. Ba3 Rad8 16. Qe3 Ba8 17. Bf1 Qb7 {1-0 (39) Cosma,E (2332)-Bogdan,E (1829) Baile Olanesti 2013}) 14... b4 15. c5 a5 16. h3 (16. Nc4 $14) 16... Ba6 17. Qe3 h6 ({Black should play} 17... Nh5 $15) 18. Bf1 Bxf1 19. Rxf1 Rfd8 20. Nc4 Nh7 21. Rfd1 Nhf8 22. Rd6 ({White should play} 22. Rab1 $16) 22... Ne6 23. Rad1 Nexc5 24. Nfxe5 Nxe5 25. Bxe5 Bxe5 26. Rxd8+ Rxd8 27. Rxd8+ Qxd8 28. Qxc5 Qd1+ 29. Kg2 Qxb3 30. Nxe5 Qxa4 31. Nd7 Qa1 32. Qf8+ $2 (32. e5 {mates} Kh7 33. Qf8 Qg1+ 34. Kxg1 g5 35. Qxf7+ Kh8 36. Nf6 c5 37. Qh7#) 32... Kh7 33. Qxf7+ Qg7 34. Nf6+ 1-0

[Event "40th Eastman Open Ghent"]
[Site "Ghent"]
[Date "2017.07.16"]
[Round "3"]
[White "Fischer, Daniel"]
[Black "Van Beers, Eddy"]
[Result "1/2-1/2"]
[ECO "B90"]
[WhiteElo "2116"]
[BlackElo "2312"]
[Annotator "NA RC"]
[PlyCount "67"]
[EventDate "2017.??.??"]
[EventType "swiss"]
[EventCountry "BEL"]
[SourceTitle "playchess.com"]
[Source "ChessBase"]
[SourceQuality "1"]
[TimeControl "7200"]

1. e4 c5 2. Nf3 d6 3. d4 cxd4 4. Nxd4 Nf6 5. Nc3 a6 6. Be3 e5 7. Nb3 Be7 8. h3 {[%emt 0:00:04] B90: Sicilian Najdorf: Unusual White 6th moves, 6 Be3 Ng4 and 6 Be3 e5} (8. Qd2 Be6 9. O-O-O Nbd7 10. f4 exf4 11. Bxf4 Ne5 12. Nd4 O-O 13. g3 Qd7 14. Nf5 Bxf5 15. exf5 Qxf5 16. Bg2 Rac8 17. Kb1 Nc4 18. Qd3 Qa5 19. Nd5 Nxd5 20. Bxd5 {1-0 (43) Morozevich,A (2676)-Nepomniachtchi,I (2767) Doha 2016}) 8... Be6 9. f4 exf4 10. Bxf4 Nc6 11. Qe2 O-O 12. O-O-O Qc7 13. g4 Rac8 14. Kb1 Ne5 15. g5 Nfd7 16. Nd5 Bxd5 17. exd5 Rfe8 18. Qg2 Bf8 19. h4 $146 g6 20. h5 Bg7 21. hxg6 hxg6 22. Bc1 ({Don't take} 22. Qh2 $6 Kf8 $14) (22. c3 $142) 22... Qb6 (22... Nc4 $142) 23. Rh4 a5 24. Be2 Nc5 25. Rdh1 Nxb3 26. Qh3 $2 ({Less strong is} 26. cxb3 Qc5 $14) (26. axb3 $18 a4 27. bxa4) 26... Kf8 27. axb3 Ke7 28. Rh7 Rh8 29. Qf1 Rxh7 30. Rxh7 Kf8 31. Bf3 (31. Qh1 $5 Re8 32. Qg2 $14) 31... Kg8 (31... a4 $5 32. Qh3 Qc5 $11) 32. Rh4 Qc5 33. Be4 b5 34. Qe2 $15 1/2-1/2

[Event "40th Eastman Open Ghent"]
[Site "Ghent"]
[Date "2017.07.16"]
[Round "3"]
[White "van Akkeren, Arno"]
[Black "Sarrau, Jelle"]
[Result "0-1"]
[ECO "B22"]
[WhiteElo "2086"]
[BlackElo "2363"]
[Annotator "RC"]
[PlyCount "64"]
[EventDate "2017.??.??"]
[EventType "swiss"]
[EventCountry "BEL"]
[SourceTitle "playchess.com"]
[Source "ChessBase"]
[SourceQuality "1"]
[TimeControl "7200"]

1. e4 c5 2. c3 d6 3. d4 Nf6 4. Bd3 g6 5. Nf3 Bg7 6. O-O O-O 7. h3 Nfd7 8. Be3 Nc6 9. d5 Nce5 10. Nxe5 Nxe5 11. f4 Nxd3 12. Qxd3 Qb6 13. b4 Bd7 14. Nd2 Qb5 15. c4 Qa4 16. Rab1 cxb4 17. Bd4 Bxd4+ 18. Qxd4 Qa5 19. Kf2 Rac8 20. Ke3 b5 21. f5 bxc4 22. fxg6 hxg6 23. Nxc4 Qxa2 24. Rxb4 Qxg2 25. Rf2 Qg3+ 26. Kd2 Rb8 27. Rxb8 Rxb8 28. e5 dxe5 29. Nxe5 Rb2+ 30. Qxb2 Qxf2+ 31. Kc3 Qc5+ 32. Nc4 Bb5 0-1

[Event "40th Eastman Open Ghent"]
[Site "Ghent"]
[Date "2017.07.16"]
[Round "3"]
[White "De Haas, Wouter"]
[Black "Froeyman, Helmut"]
[Result "0-1"]
[ECO "C88"]
[WhiteElo "2032"]
[BlackElo "2264"]
[Annotator "NA RC"]
[PlyCount "76"]
[EventDate "2017.??.??"]
[EventType "swiss"]
[EventCountry "BEL"]
[SourceTitle "playchess.com"]
[Source "ChessBase"]
[SourceQuality "1"]
[TimeControl "7200"]

1. e4 e5 2. Nf3 Nc6 3. Bb5 a6 4. Ba4 Nf6 5. O-O Be7 6. Re1 b5 7. Bb3 d6 8. h3 Na5 9. c3 Nxb3 10. axb3 Bb7 11. d3 O-O 12. Nbd2 Re8 {[%emt 0:07:01] C90: Closed Ruy Lopez with 7...d6: Early deviations} (12... Nd7 13. b4 f5 14. Nf1 Kh8 15. b3 Qe8 16. c4 Qg6 17. Qe2 c5 18. Bd2 f4 19. Ra2 Qe6 20. Rea1 {1-0 (38) Rasulov,V (2512)-Dastan,B (2439) Nakhchivan 2014}) 13. b4 h6 14. Nb3 Rb8 $146 ({Predecessor:} 14... Bf8 15. Na5 Bc8 16. Qc2 Nh5 17. d4 Qf6 18. Qd1 Nf4 19. Bxf4 Qxf4 {0-1 (38) Allahverdiyeva,A (1886)-Toth,N (1668) Prague 2016}) 15. Qc2 Bf8 16. Be3 Qd7 17. Na5 Ba8 18. Nb3 Bb7 19. Nfd2 d5 20. Bc5 Bd6 21. Nf1 Qe6 22. f3 Nh5 23. Ne3 Nf4 24. Rad1 Rbd8 25. Nf5 Qg6 26. Ne3 Nxh3+ 27. Kf1 Nf4 28. c4 bxc4 29. dxc4 dxe4 30. Na5 Ba8 31. Bxd6 cxd6 32. fxe4 Bxe4 33. Qd2 Re6 34. c5 Rf6 35. Kg1 $19 Nh3+ 36. Kh2 Nf2 37. Nac4 Qh5+ 38. Kg1 Qh1# 0-1

[Event "40th Eastman Open Ghent"]
[Site "Ghent"]
[Date "2017.07.16"]
[Round "3"]
[White "Ten Have, Roland"]
[Black "Harakis, Alexis M"]
[Result "0-1"]
[ECO "C00"]
[WhiteElo "1919"]
[BlackElo "2284"]
[Annotator "RC"]
[PlyCount "50"]
[EventDate "2017.??.??"]
[EventType "swiss"]
[EventCountry "BEL"]
[SourceTitle "playchess.com"]
[Source "ChessBase"]
[SourceQuality "1"]
[TimeControl "7200"]

1. e4 e6 2. b3 b6 3. Bb2 Bb7 4. Nc3 c5 5. Nf3 Nc6 6. d4 Nxd4 7. Nxd4 cxd4 8. Qxd4 Nf6 9. f3 Bc5 10. Qd2 Qe7 11. a3 e5 12. Nb5 O-O 13. b4 a6 14. Nc7 Bd6 15. Nxa8 Rxa8 16. Bc4 b5 17. Bb3 Bc7 18. O-O Bb6+ 19. Kh1 Nh5 20. Rfd1 d5 21. Bxd5 Rd8 22. Qc3 Ng3+ 23. hxg3 Qg5 24. Bxf7+ Kxf7 25. Qb3+ Bd5 0-1

[Event "40th Eastman Open Ghent"]
[Site "Ghent"]
[Date "2017.07.16"]
[Round "4"]
[White "Sarrau, Jelle"]
[Black "Kitze, Alexander"]
[Result "1-0"]
[ECO "A05"]
[WhiteElo "2363"]
[BlackElo "2177"]
[Annotator "NA"]
[PlyCount "55"]
[EventDate "2017.??.??"]
[EventType "swiss"]
[EventCountry "BEL"]
[SourceTitle "playchess.com"]
[Source "ChessBase"]
[SourceQuality "1"]
[TimeControl "7200"]

1. Nf3 Nf6 2. c4 g6 3. Nc3 d5 4. cxd5 Nxd5 5. Qc2 {[%emt 0:00:25] A16: English Opening: 1...Nf6 with ...d5} (5. e4 Nxc3 6. dxc3 Qxd1+ 7. Kxd1 Nd7 8. Bf4 c6 9. Kc2 Nc5 10. Nd2 Bg7 11. Be3 Na4 12. Bc4 Nb6 13. Bb3 Nd7 14. a4 O-O 15. h4 h5 16. a5 Ne5 17. f3 {½-½ (48) So,W (2812)-Mamedyarov,S (2800) Paris 2017}) 5... Bg7 6. e4 Nxc3 7. dxc3 O-O 8. Be3 b6 9. Be2 $146 ({Predecessor:} 9. h4 Bg4 10. Nh2 Be6 11. h5 c5 12. hxg6 hxg6 {0-1 (28) Bitalzadeh,A (2409)-Cigan,S (2343) Rogaska Slatina 2011}) 9... c5 10. h4 h5 11. Ng5 Nc6 12. f4 e6 13. e5 Ne7 14. Bf3 Nd5 15. Bd2 Bb7 16. O-O-O b5 (16... Qc7 $142) 17. Bxh5 Ne7 18. Bf3 Bxf3 19. Nxf3 Qa5 20. Kb1 Rfd8 21. h5 Rd7 22. hxg6 Nxg6 23. f5 exf5 24. Qxf5 (24. g4 $142) 24... Re7 $2 (24... Nf8 25. e6 fxe6) 25. Bg5 Re6 26. Rd7 Rf8 27. Qh3 Rfe8 28. Bf6 1-0

[Event "40th Eastman Open Ghent"]
[Site "Ghent"]
[Date "2017.07.16"]
[Round "4"]
[White "Van Beers, Eddy"]
[Black "Vermaat, Marcel"]
[Result "1-0"]
[ECO "B22"]
[WhiteElo "2312"]
[BlackElo "2160"]
[Annotator "ChessBase"]
[PlyCount "111"]
[EventDate "2017.??.??"]
[EventType "swiss"]
[EventCountry "BEL"]
[SourceTitle "playchess.com"]
[Source "ChessBase"]
[SourceQuality "1"]
[TimeControl "7200"]

1. e4 c5 2. c3 Nf6 3. e5 Nd5 4. d4 e6 5. Nf3 cxd4 6. cxd4 Nc6 7. Bc4 d6 8. O-O dxe5 9. dxe5 Be7 10. Qe2 Qc7 11. Rd1 O-O 12. Bxd5 exd5 13. Nc3 Bg4 14. Nxd5 Bxf3 15. gxf3 Qc8 16. Nxe7+ Nxe7 17. Qe4 Ng6 18. Bf4 f5 19. exf6 Rxf6 20. Bg3 b6 21. Rd3 Qf8 22. Bd6 Qe8 23. Re1 Qxe4 24. fxe4 Rd8 25. Red1 Kf7 26. Bg3 Rxd3 27. Rxd3 Rc6 28. Rd7+ Kf6 29. Rxa7 Rc2 30. b3 Ne5 31. Bxe5+ Kxe5 32. Rxg7 Rxa2 33. Rxh7 Rb2 34. Rh3 Kxe4 35. Re3+ Kf4 36. Kg2 b5 37. h4 Rc2 38. Rh3 Rc7 39. h5 Rg7+ 40. Kf1 Rh7 41. h6 Kg4 42. Kg2 b4 43. Rh1 Kg5 44. Kg3 Kg6 45. Kg4 Kf7 46. Kg5 Kg8 47. Rh4 Rb7 48. f4 Kh7 49. f5 Rb6 50. Re4 Rb5 51. Re7+ Kh8 52. Kg6 Rb8 53. f6 Rg8+ 54. Rg7 Rf8 55. Rh7+ Kg8 56. f7+ 1-0

[Event "40th Eastman Open Ghent"]
[Site "Ghent"]
[Date "2017.07.16"]
[Round "4"]
[White "Hamblok, Roel"]
[Black "Lindam, Ingo"]
[Result "1-0"]
[ECO "B23"]
[WhiteElo "2305"]
[BlackElo "2088"]
[Annotator "RC"]
[PlyCount "57"]
[EventDate "2017.??.??"]
[EventType "swiss"]
[EventCountry "BEL"]
[SourceTitle "playchess.com"]
[Source "ChessBase"]
[SourceQuality "1"]
[TimeControl "7200"]

1. e4 c5 2. Nc3 a6 3. f4 b5 4. g3 Bb7 5. Bg2 e6 6. d3 d5 7. Qe2 Be7 8. Nf3 Nc6 9. O-O b4 10. Nd1 Qb6 11. exd5 exd5 12. Ne3 O-O-O 13. Ne5 Nxe5 14. fxe5 Qe6 15. Nf5 Bf6 16. Qf2 Bxe5 17. Qxc5+ Qc6 18. Qxb4 Qxc2 19. d4 a5 20. Qe1 Bc7 21. Bg5 Nf6 22. Rc1 Qa4 23. Qc3 Rd7 24. Nd6+ Kb8 25. Nxb7 Kxb7 26. Bxf6 gxf6 27. Rxf6 Bb6 28. Bxd5+ Rxd5 29. Rxb6+ 1-0

[Event "40th Eastman Open Ghent"]
[Site "Ghent"]
[Date "2017.07.16"]
[Round "4"]
[White "Van Herck, Marcel"]
[Black "Michielsen, Joost"]
[Result "1/2-1/2"]
[ECO "B48"]
[WhiteElo "2156"]
[BlackElo "2409"]
[Annotator "ChessBase"]
[PlyCount "60"]
[EventDate "2017.??.??"]
[EventType "swiss"]
[EventCountry "BEL"]
[SourceTitle "playchess.com"]
[Source "ChessBase"]
[SourceQuality "1"]
[TimeControl "7200"]

1. e4 c5 2. Nf3 e6 3. d4 cxd4 4. Nxd4 Nc6 5. Nc3 Qc7 6. Be3 a6 7. Qf3 Bd6 8. O-O-O Be5 9. Nxc6 Qxc6 10. Bd4 Bxd4 11. Rxd4 Qc5 12. Rd2 Ne7 13. Qg3 O-O 14. e5 Ng6 15. f4 Qb4 16. Rf2 d6 17. exd6 Qxd6 18. Bd3 Bd7 19. Rd1 Qe7 20. h4 Bc6 21. h5 Qh4 22. Qxh4 Nxh4 23. Be4 Nf5 24. Rd3 Rac8 25. Rfd2 Bxe4 26. Nxe4 Rc4 27. Re2 Nd4 28. Red2 Nf5 29. Re2 Nd4 30. Red2 Nf5 1/2-1/2

[Event "40th Eastman Open Ghent"]
[Site "Ghent"]
[Date "2017.07.16"]
[Round "4"]
[White "Voogt, Bob"]
[Black "Abolianin, Arthur"]
[Result "0-1"]
[ECO "B72"]
[WhiteElo "2150"]
[BlackElo "2329"]
[Annotator "ChessBase"]
[PlyCount "112"]
[EventDate "2017.??.??"]
[EventType "swiss"]
[EventCountry "BEL"]
[SourceTitle "playchess.com"]
[Source "ChessBase"]
[SourceQuality "1"]
[TimeControl "7200"]

1. e4 c5 2. Nf3 g6 3. d4 cxd4 4. Nxd4 Nf6 5. Nc3 d6 6. Be2 Bg7 7. Be3 O-O 8. O-O Nc6 9. h3 Bd7 10. Qd2 Nxd4 11. Bxd4 Bc6 12. Bd3 Qa5 13. a3 a6 14. Rad1 Rfc8 15. f4 Nd7 16. Bxg7 Kxg7 17. Qf2 Qc5 18. Rfe1 Rc7 19. Qxc5 Nxc5 20. Bc4 Na4 21. Nxa4 Bxa4 22. b3 Bb5 23. Rb1 Bxc4 24. bxc4 Rb8 25. Rb4 a5 26. Rb5 Rxc4 27. Re2 b6 28. Kf2 Rc3 29. Rb3 Rxb3 30. cxb3 Rc8 31. Re3 Rc2+ 32. Kf3 Kf6 33. a4 e6 34. Rd3 Ke7 35. g3 Rh2 36. h4 f5 37. Rc3 Kd7 38. Ke3 Rh1 39. Kd3 Rd1+ 40. Ke2 Rd4 41. exf5 gxf5 42. Ke3 Re4+ 43. Kd3 h5 44. Rc2 Rb4 45. Rc3 e5 46. fxe5 dxe5 47. Ke3 Kd6 48. Rd3+ Ke6 49. Rc3 Kd5 50. Rd3+ Rd4 51. Rc3 Rg4 52. Kf3 f4 53. Rd3+ Kc5 54. gxf4 Rxf4+ 55. Kg3 Rg4+ 56. Kh3 e4 0-1

[Event "40th Eastman Open Ghent"]
[Site "Ghent"]
[Date "2017.07.16"]
[Round "4"]
[White "Escribano Illan, Juan Carlos"]
[Black "Stone, Andrew M"]
[Result "1/2-1/2"]
[ECO "A05"]
[WhiteElo "1966"]
[BlackElo "2153"]
[Annotator "NA"]
[PlyCount "30"]
[EventDate "2017.??.??"]
[EventType "swiss"]
[EventCountry "BEL"]
[SourceTitle "playchess.com"]
[Source "ChessBase"]
[SourceQuality "1"]
[TimeControl "7200"]

1. Nf3 Nf6 2. b3 d6 3. Bb2 e5 4. c4 g6 5. g3 Bg7 6. Bg2 O-O 7. O-O Re8 8. Nc3 c6 9. e4 Nbd7 10. Qc2 a6 11. d4 Qc7 12. Rfd1 b5 13. cxb5 cxb5 14. dxe5 dxe5 15. Rac1 Bb7 1/2-1/2